[ PARTIDA AOE2 · #493665391 ]
UnrankedTupíes vs Hindustanis
Equipo del jugador · DERR
Equipo rival · VICT
[ ANÁLISIS DE REPETICIÓN · EXTRAÍDO DE LA PARTIDA GRABADA ]
Feudal
10:41
Castillos
15:10
Imperial
—
| APM promedio | 56.7 |
| APM pico | 90 |
| eAPM promedio | 29.6 |
| Aldeanos / militares | 62 / 10 |
Foco
⚔️ 58.2% · 🌾 41.8%
Unknown (2579) ×47 · Mangonel ×8 · Battering Ram ×2
Feudal
9:19
Castillos
16:34
Imperial
35:47
| APM promedio | 57.4 |
| APM pico | 85 |
| eAPM promedio | 24.3 |
| Aldeanos / militares | 108 / 103 |
Foco
⚔️ 40.8% · 🌾 59.2%
Skirmisher ×99 · Mangonel ×3 · Spearman ×1
Mapa de la partida
Recursos iniciales + cada clic de construcción. Líneas = muros · curvas = relieve. ◆ oro · ⬟ piedra · ● bayas · ✦ reliquia · ◌ hueco del cierre
Tu base· Abierta — el rival se encerró
Base de PSX | GLHF· ✓ Cerrada en 16:34 · 51t muro · sin puerta
Terreno inicial suavizado · ◌ = hueco del cierre detectado · pasá el cursor para detalles
Inputs por minuto
— Skwalette - - PSX | GLHF
Build order — Skwalette
Primeras 150 de 169 acciones detectadas
| 0:00 | Encolar | Villager (Male) |
| 0:00 | Encolar | Villager (Male) |
| 0:01 | Encolar | Villager (Male) |
| 0:01 | Encolar | Villager (Male) |
| 0:02 | Construir | House |
| 0:04 | Construir | House |
| 1:22 | Encolar | Villager (Male) |
| 1:43 | Encolar | Villager (Male) |
| 1:43 | Encolar | Villager (Male) |
| 1:59 | Construir | Settlement |
| 2:11 | Encolar | Villager (Male) |
| 2:51 | Encolar | Villager (Male) |
| 2:52 | Encolar | Villager (Male) |
| 3:44 | Encolar | Villager (Male) |
| 3:45 | Encolar | Villager (Male) |
| 4:46 | Encolar | Villager (Male) |
| 4:47 | Encolar | Villager (Male) |
| 4:50 | Construir | House |
| 5:23 | Encolar | Villager (Male) |
| 5:37 | Encolar | Villager (Male) |
| 6:17 | Encolar | Villager (Male) |
| 6:18 | Encolar | Villager (Male) |
| 6:19 | Encolar | Villager (Male) |
| 6:22 | Encolar | Villager (Male) |
| 6:22 | Investigar | Loom |
| 6:36 | Construir | Settlement |
| 6:44 | Construir | Settlement |
| 6:49 | Encolar | Villager (Male) |
| 8:09 | Investigar | Feudal Age |
| 8:33 | Encolar | Villager (Male) |
| 8:36 | Construir | House |
| 8:40 | Construir | Palisade Wall |
| 9:10 | Construir | House |
| 9:13 | Construir | Palisade Wall |
| 9:44 | Construir | Palisade Wall |
| 10:25 | Encolar | Villager (Male) |
| 10:41 | Edad | Edad Feudal |
| 10:47 | Construir | Market |
| 10:50 | Encolar | Villager (Male) |
| 10:51 | Encolar | Villager (Male) |
| 11:31 | Construir | Watch Tower |
| 11:52 | Construir | Blacksmith |
| 12:30 | Investigar | Castle Age |
| 13:18 | Construir | Farm |
| 13:19 | Construir | Farm |
| 13:23 | Construir | Farm |
| 14:09 | Investigar | Fletching |
| 14:14 | Investigar | Double-Bit Axe |
| 14:26 | Construir | Farm |
| 14:29 | Construir | Farm |
| 14:52 | Investigar | Fletching |
| 15:10 | Edad | Edad de los Castillos |
| 15:21 | Construir | Castle |
| 15:40 | Encolar | Villager (Male) |
| 15:47 | Construir | Settlement |
| 16:19 | Encolar | Villager (Male) |
| 16:19 | Encolar | Villager (Male) |
| 16:56 | Encolar | Unit 2579 |
| 16:57 | Encolar | Unit 2579 |
| 16:57 | Encolar | Unit 2579 |
| 17:14 | Encolar | Unit 2579 |
| 17:19 | Construir | University |
| 17:22 | Encolar | Villager (Male) |
| 17:34 | Construir | Farm |
| 17:35 | Construir | Farm |
| 17:44 | Encolar | Unit 2579 |
| 17:54 | Encolar | Villager (Male) |
| 17:57 | Encolar | Unit 2579 |
| 17:57 | Encolar | Unit 2579 |
| 18:31 | Investigar | Ballistics |
| 18:33 | Encolar | Villager (Male) |
| 18:45 | Encolar | Unit 2579 |
| 19:01 | Encolar | Villager (Male) |
| 19:01 | Encolar | Villager (Male) |
| 19:14 | Encolar | Unit 2579 |
| 19:14 | Encolar | Unit 2579 |
| 19:14 | Encolar | Unit 2579 |
| 19:23 | Encolar | Villager (Male) |
| 19:31 | Encolar | Unit 2579 |
| 19:37 | Encolar | Villager (Male) |
| 19:38 | Encolar | Villager (Male) |
| 19:39 | Encolar | Unit 2579 |
| 19:57 | Encolar | Unit 2579 |
| 20:00 | Encolar | Villager (Male) |
| 20:13 | Construir | Siege Workshop |
| 20:41 | Investigar | Padded Archer Armor |
| 20:48 | Encolar | Mangonel |
| 21:10 | Encolar | Unit 2579 |
| 21:21 | Encolar | Mangonel |
| 21:28 | Encolar | Villager (Male) |
| 21:29 | Encolar | Villager (Male) |
| 21:29 | Encolar | Villager (Male) |
| 21:52 | Investigar | Bodkin Arrow |
| 22:23 | Encolar | Villager (Male) |
| 22:51 | Encolar | Villager (Male) |
| 23:01 | Encolar | Unit 2579 |
| 23:02 | Encolar | Villager (Male) |
| 23:24 | Encolar | Villager (Male) |
| 23:24 | Encolar | Villager (Male) |
| 23:29 | Encolar | Mangonel |
| 24:01 | Investigar | Leather Archer Armor |
| 24:31 | Encolar | Villager (Male) |
| 24:32 | Encolar | Unit 2579 |
| 24:32 | Encolar | Unit 2579 |
| 24:32 | Encolar | Unit 2579 |
| 24:37 | Construir | House |
| 25:04 | Encolar | Villager (Male) |
| 25:05 | Encolar | Villager (Male) |
| 25:05 | Encolar | Villager (Male) |
| 25:30 | Construir | House |
| 25:38 | Encolar | Mangonel |
| 25:41 | Encolar | Villager (Male) |
| 25:57 | Encolar | Villager (Male) |
| 26:03 | Encolar | Unit 2579 |
| 26:03 | Encolar | Unit 2579 |
| 26:51 | Encolar | Villager (Male) |
| 26:51 | Encolar | Villager (Male) |
| 26:51 | Encolar | Villager (Male) |
| 27:12 | Encolar | Unit 2579 |
| 27:12 | Encolar | Unit 2579 |
| 27:21 | Encolar | Villager (Male) |
| 27:56 | Construir | House |
| 28:14 | Construir | House |
| 28:16 | Encolar | Villager (Male) |
| 28:17 | Encolar | Unit 2579 |
| 28:17 | Encolar | Unit 2579 |
| 28:29 | Construir | Outpost |
| 28:31 | Construir | Outpost |
| 29:12 | Encolar | Villager (Male) |
| 29:25 | Construir | House |
| 29:29 | Construir | House |
| 29:35 | Investigar | Town Watch |
| 29:43 | Encolar | Mangonel |
| 30:19 | Encolar | Villager (Male) |
| 30:22 | Encolar | Unit 2579 |
| 30:22 | Encolar | Unit 2579 |
| 30:24 | Construir | House |
| 30:37 | Construir | House |
| 30:39 | Construir | House |
| 30:57 | Encolar | Unit 2579 |
| 30:57 | Encolar | Unit 2579 |
| 30:57 | Encolar | Unit 2579 |
| 30:59 | Encolar | Villager (Male) |
| 31:03 | Encolar | Mangonel |
| 31:14 | Encolar | Unit 2579 |
| 31:15 | Encolar | Unit 2579 |
| 31:20 | Construir | House |
| 31:46 | Encolar | Unit 2579 |
| 31:47 | Encolar | Unit 2579 |
| 32:07 | Encolar | Unit 2579 |
Build order — PSX | GLHF
Primeras 150 de 340 acciones detectadas
| 0:01 | Encolar | Villager (Male) |
| 0:02 | Construir | House |
| 0:04 | Construir | House |
| 0:18 | Encolar | Villager (Male) |
| 0:18 | Encolar | Villager (Male) |
| 0:19 | Encolar | Villager (Male) |
| 1:01 | Encolar | Villager (Male) |
| 1:02 | Encolar | Villager (Male) |
| 1:30 | Encolar | Villager (Male) |
| 2:03 | Encolar | Villager (Male) |
| 2:03 | Encolar | Villager (Male) |
| 2:16 | Construir | Lumber Camp |
| 2:20 | Encolar | Villager (Male) |
| 2:21 | Encolar | Villager (Male) |
| 2:44 | Encolar | Villager (Male) |
| 2:45 | Encolar | Villager (Male) |
| 3:16 | Encolar | Villager (Male) |
| 3:16 | Encolar | Villager (Male) |
| 3:56 | Construir | House |
| 4:14 | Encolar | Villager (Male) |
| 4:15 | Encolar | Villager (Male) |
| 4:15 | Encolar | Villager (Male) |
| 4:18 | Encolar | Villager (Male) |
| 4:28 | Encolar | Villager (Male) |
| 5:41 | Construir | Mill |
| 5:58 | Encolar | Villager (Male) |
| 6:02 | Investigar | Loom |
| 6:51 | Investigar | Feudal Age |
| 6:51 | Investigar | Feudal Age |
| 7:38 | Construir | House |
| 8:15 | Construir | House |
| 8:19 | Encolar | Villager (Male) |
| 8:31 | Construir | Palisade Wall |
| 9:19 | Edad | Edad Feudal |
| 9:23 | Investigar | Double-Bit Axe |
| 9:39 | Construir | House |
| 9:43 | Encolar | Villager (Male) |
| 9:48 | Construir | Farm |
| 9:59 | Encolar | Villager (Male) |
| 10:19 | Encolar | Villager (Male) |
| 10:26 | Construir | House |
| 10:37 | Construir | Farm |
| 10:40 | Construir | Farm |
| 10:52 | Encolar | Villager (Male) |
| 10:57 | Construir | House |
| 11:02 | Construir | Farm |
| 11:17 | Construir | Farm |
| 11:19 | Construir | Mining Camp |
| 11:20 | Encolar | Villager (Male) |
| 11:26 | Construir | Blacksmith |
| 11:56 | Construir | Barracks |
| 12:02 | Construir | Palisade Wall |
| 12:07 | Encolar | Villager (Male) |
| 12:24 | Encolar | Villager (Male) |
| 12:39 | Construir | House |
| 12:46 | Construir | Palisade Wall |
| 12:48 | Construir | Palisade Wall |
| 12:49 | Encolar | Villager (Male) |
| 12:59 | Construir | Archery Range |
| 13:08 | Encolar | Villager (Male) |
| 13:18 | Construir | Farm |
| 13:22 | Construir | Farm |
| 13:27 | Construir | Palisade Wall |
| 13:45 | Construir | Palisade Wall |
| 13:50 | Investigar | Town Watch |
| 13:54 | Investigar | Castle Age |
| 13:54 | Investigar | Castle Age |
| 13:58 | Investigar | Padded Archer Armor |
| 14:03 | Encolar | Skirmisher |
| 14:19 | Construir | Farm |
| 14:23 | Construir | Farm |
| 14:32 | Encolar | Skirmisher |
| 14:47 | Investigar | Fletching |
| 14:51 | Encolar | Skirmisher |
| 15:14 | Construir | Farm |
| 15:29 | Construir | Farm |
| 15:38 | Encolar | Skirmisher |
| 15:38 | Encolar | Skirmisher |
| 15:44 | Investigar | Horse Collar |
| 16:31 | Encolar | Villager (Male) |
| 16:34 | Edad | Edad de los Castillos |
| 16:35 | Investigar | Elite Skirmisher (upgrade) |
| 16:38 | Investigar | Bodkin Arrow |
| 16:38 | Investigar | Bodkin Arrow |
| 16:49 | Construir | Farm |
| 16:58 | Encolar | Villager (Male) |
| 17:04 | Construir | Farm |
| 17:12 | Construir | Farm |
| 17:14 | Encolar | Villager (Male) |
| 17:15 | Encolar | Skirmisher |
| 17:28 | Encolar | Skirmisher |
| 17:37 | Construir | House |
| 17:42 | Encolar | Villager (Male) |
| 17:44 | Construir | Farm |
| 18:01 | Construir | House |
| 18:05 | Encolar | Villager (Male) |
| 18:06 | Encolar | Skirmisher |
| 18:10 | Investigar | Town Watch |
| 18:10 | Investigar | Town Watch |
| 18:14 | Encolar | Skirmisher |
| 18:35 | Encolar | Spearman |
| 18:38 | Construir | Farm |
| 18:40 | Encolar | Villager (Male) |
| 18:53 | Investigar | Bow Saw |
| 18:56 | Encolar | Villager (Male) |
| 19:02 | Encolar | Skirmisher |
| 19:12 | Encolar | Skirmisher |
| 19:18 | Construir | House |
| 19:22 | Encolar | Villager (Male) |
| 19:30 | Construir | Farm |
| 19:50 | Encolar | Villager (Male) |
| 19:56 | Construir | Farm |
| 19:59 | Construir | House |
| 20:09 | Encolar | Villager (Male) |
| 20:11 | Encolar | Villager (Male) |
| 20:19 | Encolar | Villager (Male) |
| 20:38 | Construir | Town Center |
| 20:58 | Encolar | Villager (Male) |
| 20:58 | Encolar | Villager (Male) |
| 21:00 | Construir | Farm |
| 21:04 | Investigar | Squires |
| 21:10 | Encolar | Skirmisher |
| 21:11 | Encolar | Skirmisher |
| 21:14 | Encolar | Skirmisher |
| 21:15 | Encolar | Skirmisher |
| 21:26 | Investigar | Leather Archer Armor |
| 21:41 | Construir | Farm |
| 22:04 | Encolar | Skirmisher |
| 22:04 | Encolar | Skirmisher |
| 22:05 | Encolar | Villager (Male) |
| 22:17 | Encolar | Villager (Male) |
| 22:18 | Encolar | Villager (Male) |
| 22:19 | Encolar | Skirmisher |
| 22:20 | Encolar | Skirmisher |
| 22:23 | Encolar | Villager (Male) |
| 22:23 | Encolar | Villager (Male) |
| 22:28 | Construir | University |
| 22:37 | Encolar | Skirmisher |
| 22:41 | Encolar | Skirmisher |
| 22:46 | Encolar | Villager (Male) |
| 22:47 | Encolar | Skirmisher |
| 22:48 | Encolar | Villager (Male) |
| 22:50 | Construir | Farm |
| 22:53 | Construir | Farm |
| 22:57 | Encolar | Villager (Male) |
| 23:05 | Construir | Farm |
| 23:07 | Construir | Farm |
| 23:11 | Encolar | Villager (Male) |
| 23:12 | Encolar | Villager (Male) |
| 23:14 | Construir | Farm |
Cronología de la partida
| 8:31 | PSX | GLHF · wall_segment Palisade Wall x7 |
| 8:40 | Skwalette · wall_segment Palisade Wall x14 |
| 9:13 | Skwalette · wall_segment Palisade Wall x8 |
| 9:19 | PSX | GLHF · age_up feudal |
| 9:44 | Skwalette · wall_segment Palisade Wall x11 |
| 10:41 | Skwalette · age_up feudal |
| 11:56 | PSX | GLHF · first_building Barracks |
| 12:02 | PSX | GLHF · wall_segment Palisade Wall x10 |
| 12:29 | Skwalette · first_market_sell 100 stone |
| 12:46 | PSX | GLHF · wall_segment Palisade Wall x10 |
| 12:48 | PSX | GLHF · wall_segment Palisade Wall x7 |
| 12:59 | PSX | GLHF · first_building Archery Range |
| 13:27 | PSX | GLHF · wall_segment Palisade Wall x10 |
| 13:45 | PSX | GLHF · wall_segment Palisade Wall x7 |
| 15:10 | Skwalette · age_up castle |
| 15:21 | Skwalette · first_building Castle |
| 16:34 | PSX | GLHF · age_up castle |
| 20:13 | Skwalette · first_building Siege Workshop |
| 25:29 | PSX | GLHF · first_building Siege Workshop |
| 25:35 | Skwalette · first_market_buy 100 wood |
| 35:47 | PSX | GLHF · age_up imperial |
| 35:53 | Skwalette · resign |
[ ANÁLISIS IA · 1 CRÉDITO ]
¿Qué pasó realmente en esta partida?
Wolo.gg analiza cada decisión: build order, eco, micro, errores típicos por bracket. Análisis personalizado por WhatsApp o Discord en 30 segundos.
Guía civ
Tupíes
Perfil
Jugador #5049248